 Dungeon Crawl Stone Soup version 0.32-a0-996-gb3226c233f (webtiles) character file.

Game seed: 1420928755111332933

88 GabrielManson the Changeling (level 4, -1/29 HPs)
             Began as an Octopode Shapeshifter on Apr 23, 2024.
             Slain by a sky beast (5 damage)
             ... on level 3 of the Dungeon.
             The game lasted 00:02:11 (1100 turns).

GabrielManson the Changeling (OpSh)                 Turns: 1100, Time: 00:02:12

Health: -1/29      AC:  1    Str: 15    XL:     4   Next: 54%
Magic:  4/4        EV: 12    Int: 12    God:
Gold:   63         SH:  5    Dex: 11    Spells: 3/3 levels left

rFire   . .          .
                       - Unarmed
rCold   . . .        (no shield)
rNeg    . . .        (helmet currently unavailable)
rPois   .            d - amulet of reflection
rElec   .            (no ring)
rCorr   .            (no ring)
SInv    .            (no ring)
Will    .....        (no ring)
Stlth   ++           (no ring)
HPRegen 0.24/turn    (no ring)
MPRegen 0.09/turn    (no ring)
                     (no ring)

%: reflection
@: beast-form
A: beast (slay +2), almost no armour, amphibious, 8 rings, camouflage 1,
gelatinous body 1, (nimble swimmer 1), tentacles
a: Begin Untransformation


You were on level 3 of the Dungeon.
You were a hulking beast.
You visited 1 branch of the dungeon, and saw 4 of its levels.

You collected 63 gold pieces.

Inventory:

Missiles
 e - 8 poisoned darts (quivered)
Jewellery
 d - an amulet of reflection (around mantle)
Talismans
 b - a beast talisman (active)
 c - a flux talisman
Scrolls
 f - 2 scrolls of identify
Potions
 a - a potion of lignification
 g - a potion of ambrosia
 h - a potion of attraction {unknown}


   Skills:
 + Level 2.0 Fighting
 + Level 2.6 Dodging
 + Level 3.5 Unarmed Combat
 * Level 3.8 Shapeshifting


You had 3 spell levels left.
You didn't know any spells.
Your spell library was empty.

Dungeon Overview and Level Annotations

Branches:
Dungeon (4/15)
 Temple: D:4-7

Altars:

Shops:
D:1 (


Innate Abilities, Weirdness & Mutations

You are a hulking beast.
Your limbs bulge with bestial killing power. (Slay +2)
You cannot wear most types of armour.
You are amphibious.
You can wear up to eight rings at the same time.
Your skin changes colour to match your surroundings (Stealth+).
Your rubbery body absorbs attacks. (AC +1, EV +1)
((You are camouflaged when in or above water. (Stealth+)))
You have tentacles for arms and can constrict up to eight enemies at once.


Message History

The dart slug is severely wounded.
You constrict the dart slug.
You kill the dart slug!
No target in view!
As you read the scroll labelled QESATZ VECVOPP, it crumbles to dust.
It is a scroll of identify.
You don't currently have any unidentified items.
Found a stone staircase leading up.
A hobgoblin comes into view.
The hobgoblin closely misses you.
You tentacle-slap the hobgoblin.
You kill the hobgoblin!
Your Fighting skill increases to level 2!
No target in view!
A hobgoblin and a sky beast come into view.
The hobgoblin shouts!
You tentacle-slap the hobgoblin. Your grab misses the hobgoblin.
The hobgoblin is almost dead.
The hobgoblin closely misses you.
You tentacle-slap the hobgoblin.
You kill the hobgoblin!
The sky beast flickers out of sight!
Deactivating autopickup; reactivate with Ctrl-A.
You see here an orange potion.
h - an orange potion You block something's attack.
There is a stone staircase leading up here.
Something hits you. Something shocks you.
You climb upwards.
Reactivating autopickup.
There is a stone staircase leading down here.
Deactivating autopickup; reactivate with Ctrl-A.
You barely miss something. Something hits you. Something shocks you.
You miss something. Your squeeze misses something. Something hits you.
Something shocks you.
* * * LOW HITPOINT WARNING * * *
You bludgeon something! Something hits you.
* * * LOW HITPOINT WARNING * * *
Something shocks you.
You die...

#.#####.###
#...h{....#
....####.....#
. .....#
.....# .....#
######


There were no monsters in sight!

Vanquished Creatures
  Natasha (twice) (D:2)
  An adder (D:2)
  A ribbon worm (D:2)
  A dart slug (D:4)
  A ball python (D:1)
  3 bats (D:1)
  An endoplasm (D:2)
  A giant cockroach (D:1)
  2 goblins
  5 hobgoblins
  A frilled lizard (D:2)
  4 kobolds
  A rat (D:1)
24 creatures vanquished.

Notes
Turn   | Place    | Note
-------+----------+-------------------------------------------
     0 | D:1      | GabrielManson the Octopode Shapeshifter began the quest for
                  | the Orb.
     0 | D:1      | Reached XP level 1. HP: 13/13 MP: 1/1
    71 | D:1      | Found Kuphical's Antique Weapon Boutique.
   156 | D:1      | Reached XP level 2. HP: 11/18 MP: 2/2
   751 | D:2      | Reached XP level 3. HP: 23/23 MP: 3/3
   760 | D:2      | Noticed Natasha
   767 | D:2      | Killed Natasha
   923 | D:2      | Noticed Natasha
   929 | D:2      | Killed Natasha
   930 | D:2      | Reached XP level 4. HP: 18/29 MP: 4/4
  1032 | D:2      | You fall into a shaft and drop 2 floors!
  1089 | D:4      | Noticed a sky beast
  1100 | D:3      | Slain by a sky beast

Illustrated notes

Levels and vault maps discovered:
D:1:      spicycebolla_green_bress_n_ham_2, layout_rooms, serial_shops, shop
D:2:      layout_basic, kennysheep_nondescript, uniq_natasha
D:3:      layout_loops_cross, mainiacjoe_overflow_concentric_impassable,
          pdpol_wu_jian_five_deadly_venoms, shapermc_ecumenical_altar_notcrosses
D:4:      layout_basic, nicolae_uskayaw_dance_hall, kennysheep_generic_room_12

Skill      XL: |  1  2  3  4 |
---------------+-------------+-----
Fighting       | 2 |  2.0
Dodging        | |  2.6
Unarmed Combat | |  3.5
Shapeshifting  | |  3.8

Action                     |  1- 3 |  4- 6 || total
---------------------------+-------+-------++-------
  Melee: Unarmed           |    36 |    11 ||    47
         Constrict         |    13 |     1 ||    14
         Tentacles         |     4 |     2 ||     6
         Punch             |     1 |     1 ||     2
    Use: Potion            |     2 |     1 ||     3
         Scroll            |       |     1 ||     1
   Stab: Sleeping          |     4 |       ||     4
 Armour: Skin              |    19 |     5 ||    24
  Dodge: Dodged            |    35 |     4 ||    39
  Block: Other             |     2 |     1 ||     3

Table legend: (Time is in decaauts)
 A = Elapsed time spent in this place.
 B = Non-inter-level travel time spent in this place.
 C = Inter-level travel time spent in this place.
 D = Time resting spent in this place.
 E = Time spent auto-exploring this place.
 F = Levels seen in this place.
 G = Mean time per level.
                   A        B        C        D        E       F      G
               +--------+--------+--------+--------+--------+-----+--------+
         Total |   1086 |   1069 |     17 |    147 |    722 |   4 |  271.5 |
       Dungeon |   1086 |   1069 |     17 |    147 |    722 |   4 |  271.5 |
               +--------+--------+--------+--------+--------+-----+--------+

Top non-repeatable levels by time:
     D:2: 580 daAuts
     D:1: 438 daAuts
     D:4: 64 daAuts
     D:3: 2 daAuts
